[Event "*** SCC Grand Prix: Titled Tuesday Blitz"]
[Site "Chess.com"]
[Date "2020.06.23"]
[Round "4"]
[White "alenee"]
[Black "annamaja"]
[Result "0-1"]
[WhiteElo "2388"]
[BlackElo "2227"]
[TimeControl "180+1"]
[EndTime "10:40:20 PDT"]
[Termination "annamaja won by checkmate"]

1. e4 e6 2. Nf3 d5 3. exd5 exd5 4. d4 Nf6 5. Bd3 Bd6 6. O-O O-O 7. Bg5 h6 8. Bh4 c6 9. Nbd2 Bg4 10. c3 Nbd7 11. Re1 Qc7 12. Qc2 Rfe8 13. Bg3 Bxg3 14. hxg3 Rxe1+ 15. Rxe1 Re8 16. Nf1 Bxf3 17. Rxe8+ Nxe8 18. gxf3 Nef6 19. f4 c5 20. Ne3 cxd4 21. cxd4 Qxc2 22. Bxc2 Nb6 23.
Bb3 g6 24. Kf1 Kf8 25. Ke2 Ke7 26. Kd3 Kd6 27. f3 Nh5 28. Nf1 f5 29. Ke3 Nd7 30.
g4 Ng7 31. Ng3 h5 32. g5 h4 33. Nh1 Nh5 34. Nf2 Nf8 35. Nh3 Ne6 36. Ba4 Ke7 37.
Bb3 Nc7 38. Bc2 b5 39. a4 a6 40. axb5 axb5 41. Bb3 Kd6 42. Bc2 Kc6 43. b4 Na6 44.
Bxf5 gxf5 45. g6 Ng7 46. Ng5 Nxb4 47. Nf7 Nc2+ 48. Kf2 Nxd4 49. Ne5+ Kd6 50. Nd3 Ke6 51. Kg2 Kf6 52. Kh3 Nxf3 53. Nb4 d4 54. Nd3 Kxg6 55.
Nb4 Ng5+ 56. Kxh4 N5e6 57. Kg3 Nc5 58. Nc6 d3 59. Ne5+ Kf6 60. Nxd3 Nxd3 61. Kf3 Nc5 62. Ke3 b4 63. Kd4 b3 64. Kc3 Nge6 65. Kb2 Nxf4 66.
Kc3 Nd5+ 67. Kb2 f4 68. Kb1 f3 69. Kb2 f2 70. Ka3 f1=Q 71. Kb2 Qe2+ 72. Ka3 Qa2# 0-1

[Event "*** SCC Grand Prix: Titled Tuesday Blitz"]
[Site "Chess.com"]
[Date "2020.06.23"]
[Round "4"]
[White "tigra"]
[Black "Paladin61"]
[Result "1-0"]
[WhiteElo "2780"]
[BlackElo "2540"]
[TimeControl "180+1"]
[EndTime "10:40:22 PDT"]
[Termination "tigra won on time"]

1. d4 Nf6 2. Nf3 g6 3. c4 Bg7 4. Nc3 O-O 5. e4 d6 6. Be2 e5 7.
d5 a5 8. O-O Na6 9. Bg5 Qe8 10.
Nd2 Bd7 11. b3 h6 12. Be3 Nh7 13. a3 f5 14. f3 f4 15. Bf2 g5 16. Rb1 h5 17. b4 axb4 18. axb4 Qg6 19. c5 g4 20. c6 bxc6 21. dxc6 Be6 22. Nd5 Bxd5 23. exd5 g3 24. hxg3 fxg3 25. Be3 Bh6 26. Bxh6 Qxh6 27.
Nc4 Qf4 28. Re1 Qh4 29. Bd3 Qh2+ 30. Kf1 Ng5 31. Ke2 Nxf3 32. Ne3 Nxe1 33. Qxe1 Rf2+ 34. Kd1 Qh4 35. Nc2 Raf8 36. Bxa6 Rxg2 37. Rb3 Rff2 38. Rc3 Qf4 39. Ne3 Qd4+ 40. Bd3 Rh2 41. Nc2 Qg4+ 42. Kc1 g2 43. Qxf2 g1=Q+ 44. Qxg1 Qxg1+ 45. Kb2 Qg5 46. b5 Qg1 47. Kb3 h4 48. Bf5 h3 49.
Bxh3 Qc5 50. Rxc5 1-0

[Event "*** SCC Grand Prix: Titled Tuesday Blitz"]
[Site "Chess.com"]
[Date "2020.06.23"]
[Round "4"]
[White "shineatchess"]
[Black "Boninknights"]
[Result "1/2-1/2"]
[WhiteElo "2126"]
[BlackElo "2319"]
[TimeControl "180+1"]
[EndTime "10:40:22 PDT"]
[Termination "Game drawn - timeout vs insufficient material"]

1. d4 Nf6 2. c4 e6 3. Nc3 Bb4 4. e3 c5 5. Ne2 d5 6. cxd5 exd5 7.
a3 Bxc3+ 8. Nxc3 cxd4 9. exd4 O-O 10. Be2 h5 11. Bg5 Nbd7 12. O-O Qb6 13. Bxh5 Qxb2 14. Na4 Qb5 15. Be2 Qc6 16. Rc1 Qd6 17. Bd3 Ne4 18.
Bh4 Qxa3 19. f3 Nef6 20. Nc5 b6 21. Nxd7 Nxd7 22. Bf5 Qe3+ 23. Kh1 Qf4 24. g4 Nf6 25. Bxc8 Rfxc8 26. Rxc8+ Rxc8 27. Bg3 Qe3 28. Re1 Qc3 29. Qe2 a5 30. Be5 a4 31. Bxf6 gxf6 32. Rb1 a3 33. Qd1 Qc2 34. Qxc2 Rxc2 35. Ra1 a2 36. Kg1 Rb2 37. Rxa2 Rxa2 38. f4 Ra4 39. f5 Rxd4 40. h3 Rd3 41. Kg2 Kg7 42. Kf2 Kh6 43. Ke2 Rg3 44. Kf2 Rxh3 45. Kg2 Rh4 46. Kg3 Kg5 47.
Kf3 Rxg4 48. Ke3 Kxf5 49. Kf3 1/2-1/2

[Event "*** SCC Grand Prix: Titled Tuesday Blitz"]
[Site "Chess.com"]
[Date "2020.06.23"]
[Round "4"]
[White "Firouzja2003"]
[Black "OK97"]
[Result "1-0"]
[WhiteElo "3131"]
[BlackElo "2835"]
[TimeControl "180+1"]
[EndTime "10:40:23 PDT"]
[Termination "Firouzja2003 won by checkmate"]

1. d4 d6 2. Nf3 Nf6 3. Nc3 g6 4. e4 Bg7 5. Be2 O-O 6. O-O c6 7. Re1 Nbd7 8. e5 dxe5 9. Nxe5 Nxe5 10. dxe5 Qxd1 11. Rxd1 Nd7 12. f4 Nb6 13. Be3 Bf5 14.
Rd2 f6 15. exf6 Bxf6 16. a4 Bxc3 17. bxc3 Nd5 18. Bc4 e6 19. Bxd5 exd5 20. a5 a6 21. Rb1 Rf7 22. h3 Re8 23. Bd4 Re4 24. Rf2 Bc8 25.
Rbf1 Rfe7 26. g4 Re2 27. f5 gxf5 28. gxf5 Rxf2 29. Rxf2 Kf7 30. Kh2 Re8 31. f6 Rg8 32.
Rf4 Re8 33. Kg3 Re2 34. Rh4 Bf5 35. c4 dxc4 36. c3 Bd3 37. Rh5 Re8 38. Rc5 Re4 39. Kf3 Re6 40. h4 Re8 41. h5 Re4 42. Rg5 Re8 43. Rg7+ Ke6 44. Rxb7 Rf8 45. Kf4 Rf7 46. Rb6 Kd5 47. Rxa6 c5 48. Be5 Be2 49. Rd6# 1-0

[Event "*** SCC Grand Prix: Titled Tuesday Blitz"]
[Site "Chess.com"]
[Date "2020.06.23"]
[Round "4"]
[White "Siniauski"]
[Black "seorobert1971"]
[Result "0-1"]
[WhiteElo "2495"]
[BlackElo "2698"]
[TimeControl "180+1"]
[EndTime "10:40:25 PDT"]
[Termination "seorobert1971 won on time"]

1. e4 c6 2. Nf3 d5 3. Nc3 Nf6 4. e5 Ne4 5. d4 Nxc3 6. bxc3 Bf5 7. Bg5 Qc7 8. Bd3 Bxd3 9. Qxd3 e6 10. O-O Nd7 11. c4 Nb6 12. c5 Nc4 13. Nd2 Nxd2 14. Bxd2 b6 15. cxb6 axb6 16. a4 Be7 17. Rfb1 O-O 18.
c4 Rfb8 19. h3 dxc4 20. Qxc4 Qd7 21. Rc1 Rc8 22. Rab1 Rab8 23. Be3 h6 24. Rc2 Bf8 25.
Rcb2 b5 26. axb5 cxb5 27. Qd3 b4 28. Bd2 Rd8 29. Bxb4 Qxd4 30. Qxd4 Rxd4 31. Bxf8 Rxf8 32. Rb7 Re4 33. R1b5 g5 34. Rc5 Kg7 35. g3 Kg6 36.
Kg2 Re2 37. Kf3 Ra2 38. Kg2 Rd2 39. Kf3 Ra8 40. Rc1 Ra3+ 41. Kg2 Raa2 42. Rf1 Ra5 43.
Re1 Raa2 44. Rf1 Re2 45. Rb5 Ra4 46. Kf3 Rae4 47. Rc1 Rxe5 48. Rxe5 Rxe5 49. Rc8 Ra5 50. Rb8 Ra3+ 51. Ke2 h5 52. Rb5 h4 53. gxh4 gxh4 54. Rb8 Rxh3 55. Rg8+ Kf6 56. Rg4 Kf5 57. Rg7 f6 58. Kf1 Ra3 59. Kg2 h3+ 60. Kg1 e5 61. Rh7 Rf3 62. Rh4 e4 63. Rh7 Ke5 0-1

[Event "*** SCC Grand Prix: Titled Tuesday Blitz"]
[Site "Chess.com"]
[Date "2020.06.23"]
[Round "4"]
[White "shnitez"]
[Black "KubaGepard"]
[Result "1-0"]
[WhiteElo "2512"]
[BlackElo "2330"]
[TimeControl "180+1"]
[EndTime "10:40:25 PDT"]
[Termination "shnitez won by resignation"]

1. d4 d5 2. c4 dxc4 3. e3 Nf6 4. Bxc4 e6 5. Nf3 c5 6. O-O Nc6 7. Qe2 a6 8. Rd1 b5 9. dxc5 Qc7 10. Bb3 Bxc5 11.
Bd2 O-O 12. Nc3 Bb7 13. Rac1 Qe7 14. a3 Rac8 15. h3 h6 16. Be1 Na5 17. Nd5 Bxd5 18. Bxd5 Nxd5 19. Bxa5 Bb6 20. Be1 Qf6 21. Qd3 Rxc1 22. Rxc1 Qxb2 23. Rb1 Qf6 24. a4 Rd8 25. Qe2 bxa4 26. Qxa6 Bc5 27. Qxa4 Qg6 28. Rd1 Kh7 29. Ne5 Qg5 30. Nxf7 Qe7 31. Nxd8 Qxd8 32. Qe4+ g6 33.
Qxe6 Nf4 34. Rxd8 Nxe6 35. Rd7+ Kg8 36. Bc3 Kf8 37. Rh7 h5 38. g3 Bd6 39. Rd7 Bc5 40. Rd3 Be7 41. Kg2 Kf7 42. f4 Nc5 43. Rd5 Ne4 44. Bd4 Nd6 45. Ra5 Nf5 46. Ra2 Ke6 47. Rf2 Kd5 48. Kf3 Nd6 49. Re2 Ne4 50. Rc2 Bd6 51. g4 hxg4+ 52. hxg4 g5 53. Ra2 gxf4 54. Ra5+ Bc5 55. Bxc5 Nxc5 56. exf4 Kd4 57. Rxc5 Kxc5 58. g5 Kd6 59. Kg4 Ke7 60. f5 Kf7 61. f6 Kg6 62. Kf4 Kf7 63. Kf5 Kg8 64. Ke6 Kf8 65. f7 Kg7 66. Ke7 Kg6 1-0

[Event "*** SCC Grand Prix: Titled Tuesday Blitz"]
[Site "Chess.com"]
[Date "2020.06.23"]
[Round "4"]
[White "Airquake"]
[Black "Maksimus1998"]
[Result "1/2-1/2"]
[WhiteElo "2662"]
[BlackElo "2479"]
[TimeControl "180+1"]
[EndTime "10:40:27 PDT"]
[Termination "Game drawn by stalemate"]

1. e4 c5 2. Nf3 g6 3. Nc3 Bg7 4. Be2 Nc6 5. O-O d6 6. d3 Nf6 7. h3 O-O 8. Be3 a6 9. a4 Rb8 10. d4 cxd4 11. Nxd4 Bd7 12. Nb3 Na5 13. f4 Nxb3 14.
cxb3 Bc6 15. Bf3 Qa5 16. Qd2 Qb4 17. e5 dxe5 18. fxe5 Rbd8 19. Qf2 Nd5 20. Bc5 Qxb3 21. Ra3 Qc4 22. Be2 Qf4 23. Qxf4 Nxf4 24. Rxf4 Bxe5 25. Rf1 Rd2 26. Bf3 Rxb2 27. Bxc6 bxc6 28. Bxe7 Bd4+ 29. Kh1 Re8 30. Bf6 Bxf6 31. Rxf6 Re3 32. Rxc6 a5 33. Kh2 Kg7 34. Nd1 Rxg2+ 35. Kxg2 Rxa3 36. Rc4 h5 37. Nc3 g5 38. Ne4 Kg6 39. Rc6+ Kf5 40. Nd6+ Kf4 41.
Rc4+ Ke5 42. Nxf7+ Kd5 43. Rc8 g4 44. h4 Rxa4 45. Rh8 Ra2+ 46. Kg3 Ra3+ 47. Kg2 Ra2+ 48. Kf1 a4 49. Rxh5+ Ke4 50. Ra5 g3 51. Ng5+ Kf4 52.
h5 Rh2 53. Ne6+ Kf3 54. Ng5+ Kg4 55. h6 Rxh6 56. Kg1 Rh5 57. Rxa4+ Kxg5 58. Ra5+ Kh4 59. Rxh5+ Kxh5 60. Kg2 Kg4 61. Kg1 Kf3 62. Kf1 g2+ 63. Kg1 Kg3 1/2-1/2

[Event "*** SCC Grand Prix: Titled Tuesday Blitz"]
[Site "Chess.com"]
[Date "2020.06.23"]
[Round "4"]
[White "penguingm1"]
[Black "Gabrielian_Artur"]
[Result "0-1"]
[WhiteElo "2900"]
[BlackElo "2776"]
[TimeControl "180+1"]
[EndTime "10:40:28 PDT"]
[Termination "Gabrielian_Artur won by checkmate"]

1. d4 Nf6 2. c4 c5 3. d5 e6 4. Nc3 exd5 5. cxd5 d6 6. e4 g6 7. Nge2 h5 8. Bg5 Nbd7 9. Qd2 a6 10. a4 Bg7 11.
Ng3 h4 12. Nge2 Rb8 13. Nc1 h3 14. g3 Ne5 15. Be2 Bg4 16. f4 Nf3+ 17. Bxf3 Bxf3 18. O-O Bg2 19. Re1 c4 20. a5 Qc7 21. e5 Qc5+ 22.
Qf2 Qxf2+ 23. Kxf2 Ng4+ 24. Kg1 dxe5 25. fxe5 Bxe5 26.
Bf4 f6 27. N1e2 O-O 28. Rad1 Rbd8 29. d6 Rfe8 30. Nd5 Kg7 31. Bxe5 Nxe5 32. Nd4 Rxd6 33. Nf4 Red8 34. Nfe6+ Kh6 35. Nxd8 Nd3 36. Re3 Rxd4 37.
Re7 Rxd8 38. Rd2 Kg5 39. Rde2 Rd5 40. Rd2 Ne5 41. Rxd5 Bxd5 42. Rc7 Bc6 43. Kf2 Ng4+ 44.
Kg1 Ne5 45. Re7 Nf3+ 46. Kh1 Nd4+ 47. Kg1 Nb5 48. Re2 c3 49. bxc3 Nxc3 50. Rc2 Nd5 51. Rb2 f5 52. Rd2 Kf6 53. Kf2 g5 54. Rd4 f4 55.
gxf4 gxf4 56. Rd3 Ne3 57. Rd6+ Ke5 58. Rh6 Ng4+ 59. Kg1 Nxh6 60. Kf2 Ke4 61. Kg1 Ke3 62. Kf1 f3 63. Kg1 f2+ 64. Kf1 Bb5# 0-1

[Event "*** SCC Grand Prix: Titled Tuesday Blitz"]
[Site "Chess.com"]
[Date "2020.06.23"]
[Round "4"]
[White "ZverevLev"]
[Black "Hasangatin_Ramil"]
[Result "0-1"]
[WhiteElo "2341"]
[BlackElo "2610"]
[TimeControl "180+1"]
[EndTime "10:40:29 PDT"]
[Termination "Hasangatin_Ramil won on time"]

1. e4 c5 2. Nf3 Nf6 3. Nc3 Nc6 4. d4 cxd4 5. Nxd4 e6 6. Ndb5 Bc5 7. Nd6+ Ke7 8. Bf4 e5 9. Nf5+ Kf8 10. Be3 Bb4 11.
Nd6 Qe7 12. Nf5 Qe6 13. Bd3 d5 14. exd5 Nxd5 15. O-O Bxc3 16. Bc5+ Kg8 17. bxc3 e4 18.
Re1 Nxc3 19. Bxe4 Nxd1 20. Raxd1 h6 21. Bxc6 Qxf5 22. Rd8+ Kh7 23. Rxh8+ Kxh8 24. Re8+ Kh7 25. Be4 Qxe4 26. Rxe4 Be6 27. a3 b6 28. Bd4 Rc8 29. Re2 Rc4 30. c3 Ra4 31. f4 Rxa3 32. h3 Rb3 33. Kh2 a5 34. Ra2 Rxc3 35. Rb2 Rc4 36. Bxb6 a4 37. Be3 a3 38. Rb1 a2 39. Ra1 Rb4 40.
g4 Rb3 41. Bd4 Rd3 42. Bc5 f6 43. h4 Rd2+ 44. Kg3 Rd3+ 45. Kf2 Rh3 46. Kg2 Rc3 47. Bb6 Bd5+ 48. Kh2 Rc2+ 49. Kg3 Rg2+ 50. Kh3 Rb2 51. Bd4 Rb1 52. g5 Kg6 53. gxf6 gxf6 54. Kg4 h5+ 55. Kg3 Kf5 0-1

[Event "*** SCC Grand Prix: Titled Tuesday Blitz"]
[Site "Chess.com"]
[Date "2020.06.23"]
[Round "4"]
[White "AwareIdea"]
[Black "Lucas_Tomiello"]
[Result "0-1"]
[WhiteElo "2506"]
[BlackElo "2333"]
[TimeControl "180+1"]
[EndTime "10:40:29 PDT"]
[Termination "Lucas_Tomiello won by resignation"]

1. d4 Nf6 2. Bf4 g6 3. Nf3 Bg7 4.
e3 O-O 5. Be2 d6 6. O-O Nh5 7. Bg5 h6 8. Bh4 g5 9. Nfd2 gxh4 10.
Bxh5 h3 11. Bg4 hxg2 12. Kxg2 f5 13. Bh3 f4 14. Qh5 Nd7 15. Ne4 Nf6 16. Nxf6+ Rxf6 17. Nd2 d5 18. Nf3 c5 19. c3 Bxh3+ 20. Kxh3 Qd7+ 21. Kg2 Qf5 22. Qxf5 Rxf5 23. Rae1 Re8 24. e4 dxe4 25. Rxe4 cxd4 26. cxd4 Ra5 27. a3 Rc8 28. Rxe7 Rb5 29. Rg1 Rf8 30. Kh3 Rf7 31. Re8+ Kh7 32. Ne5 Bxe5 33. dxe5 Rb3+ 34. Kh4 Rxb2 35. Rgg8 Rxf2 36.
Rh8+ Kg6 37. Reg8+ Kf5 38. h3 Kxe5 39. Rxh6 f3 40. Re8+ Kd5 41. Rh5+ Kc4 42. Re3 Rg2 43.
Rhe5 f2 44. R5e4+ Kd5 45. Re5+ Kd6 46. Re6+ Kd7 47. R6e4 f1=Q 48. Rd4+ Kc6 49. Rc3+ Kb6 50. Rb4+ Ka5 51. Rc5+ Ka6 52. Rg5 Rxg5 53. Kxg5 Qg1+ 0-1

[Event "*** SCC Grand Prix: Titled Tuesday Blitz"]
[Site "Chess.com"]
[Date "2020.06.23"]
[Round "4"]
[White "cukin84"]
[Black "Pintacara"]
[Result "1-0"]
[WhiteElo "2170"]
[BlackElo "2320"]
[TimeControl "180+1"]
[EndTime "10:40:29 PDT"]
[Termination "cukin84 won on time"]

1. e4 g6 2. d4 Bg7 3. Nc3 c5 4. d5 d6 5. Be3 a6 6. Nge2 b5 7. f3 b4 8. Na4 Qa5 9. b3 Bd7 10.
g4 Bxa4 11. bxa4 Nd7 12. Bg2 Nb6 13. O-O Nxa4 14. f4 Nf6 15. g5 Nd7 16. Bh3 Ndb6 17.
e5 O-O 18. e6 f5 19. gxf6 Bxf6 20. Kh1 c4 21. f5 Qxd5+ 22. Bg2 Qxd1 23. Raxd1 Rab8 24. fxg6 hxg6 25. Be4 Kg7 26. Rg1 Rh8 27. Rxg6+ Kf8 28.
Bf4 Nc8 29. Bc6 Rb6 30. Bxa4 d5 31. Bh6+ Rxh6 32. Rxh6 Rxe6 33. Nf4 Re4 34. Ng6+ Kg7 35. Rh8 Nb6 36. Rg1 Nxa4 37. Ra8 Kf7 38. Rf8+ Ke6 39.
Ra8 Nc5 40. Nf8+ Kd6 41. Rd8+ Ke5 42. Ng6+ Kd4 43. Rd1+ Kc3 44. R8xd5 Ne6 45. Rd7 Nd4 46. Nf8 Nxc2 47. Rc7 a5 48. Nd7 a4 49. Nb6 b3 50.
axb3 axb3 51. Na4+ Kb4 52. Nb6 c3 53. Nd5+ Kb5 54.
Rb1 Rh4 55. Rxb3+ Ka4 56. Rb2 1-0

[Event "*** SCC Grand Prix: Titled Tuesday Blitz"]
[Site "Chess.com"]
[Date "2020.06.23"]
[Round "4"]
[White "kingofkolkata"]
[Black "Mikasinski"]
[Result "1-0"]
[WhiteElo "2200"]
[BlackElo "2386"]
[TimeControl "180+1"]
[EndTime "10:40:32 PDT"]
[Termination "kingofkolkata won by resignation"]

1. d4 Nf6 2. c4 g6 3. Nc3 Bg7 4. e4 d6 5. Nf3 O-O 6. Be2 e5 7. O-O Nc6 8. d5 Ne7 9. Ne1 Nd7 10. Nd3 f5 11. f3 f4 12. Bd2 g5 13. a4 Ng6 14. a5 a6 15. b4 Nf6 16. c5 Rf7 17.
Na4 Bf8 18. Rc1 Rg7 19. cxd6 Bxd6 20. Nac5 Qe7 21. Nf2 h5 22. Ne6 Bxe6 23. dxe6 Bxb4 24. Bxb4 Qxb4 25. Rb1 Qxa5 26. Rxb7 Kh7 27. Qa1 Qxa1 28.
Rxa1 a5 29. Rb5 Re7 30. Bc4 a4 31. Nd3 Ne8 32. Rb4 a3 33. Bd5 Ra6 34. Nc5 Ra5 35.
Nb7 Ra7 36. Nd8 c5 37. Rc4 Rec7 38. Nf7 Kg7 39. Nxg5 Ne7 40. Nf7 Nf6 41. Nxe5 Nexd5 42.
exd5 Nxd5 43. Nd3 a2 44. Nxf4 Nxf4 45. Rxf4 Re7 46. Re4 Reb7 47. Ree1 Rb6 48. e7 Rxe7 49. Rxe7+ Kf6 50. Ree1 c4 51. Rxa2 c3 52. Rc2 Rc6 53.
Rec1 Ke5 54. Rxc3 Ra6 55. Re3+ Kd4 56. Rce1 Ra2 57. R3e2 h4 1-0

[Event "*** SCC Grand Prix: Titled Tuesday Blitz"]
[Site "Chess.com"]
[Date "2020.06.23"]
[Round "4"]
[White "Shubinkirill2003"]
[Black "Poghosyan_Suren"]
[Result "0-1"]
[WhiteElo "2620"]
[BlackElo "2454"]
[TimeControl "180+1"]
[EndTime "10:40:34 PDT"]
[Termination "Poghosyan_Suren won by resignation"]

1. e4 e6 2. d4 d5 3. Nc3 Bb4 4. e5 Ne7 5. a3 Bxc3+ 6. bxc3 c5 7. Qg4 O-O 8. Bd3 Nbc6 9. Qh5 Ng6 10. Nf3 Qc7 11.
O-O c4 12. Bxg6 fxg6 13. Qh4 b5 14. Ng5 h6 15. Nh3 Qf7 16. f4 a5 17. Be3 Bd7 18. g4 b4 19. axb4 axb4 20. Rab1 Rab8 21. Qe1 b3 22. Qd2 Na5 23. Nf2 Ba4 24. cxb3 cxb3 25. Nd3 Nc4 26. Qf2 Qe8 27. Nc5 b2 28. Rfe1 Rb6 29. h4 Qb5 30. h5 gxh5 31. f5 exf5 32.
gxf5 Na3 33. Nxa4 Qxa4 34. Rxb2 Rxb2 35. Qxb2 Rxf5 36. e6 Nc4 37. Qe2 Qe8 38. Bc1 Qg6+ 39. Kh1 Qe8 40. e7 Rf7 41. Qe6 Kh7 42. Qxd5 Nb6 43.
Qe4+ Kg8 44. d5 Nc8 45. Bf4 Rxe7 46. Be5 Nd6 47. Qf4 Nf7 48. d6 Rxe5 49. Rxe5 Nxe5 50.
Qe4 Qe6 51. c4 Kf7 52. c5 Qh3+ 53. Kg1 Qg3+ 54. Kf1 Qf3+ 55. Qxf3+ Nxf3 56. c6 Ke6 57. d7 Ke7 58. Kf2 Ne5 59. c7 Kxd7 0-1

[Event "*** SCC Grand Prix: Titled Tuesday Blitz"]
[Site "Chess.com"]
[Date "2020.06.23"]
[Round "4"]
[White "Biranidun"]
[Black "ShimanovAlex"]
[Result "0-1"]
[WhiteElo "2734"]
[BlackElo "2878"]
[TimeControl "180+1"]
[EndTime "10:40:37 PDT"]
[Termination "ShimanovAlex won by resignation"]

1. e4 c6 2. d4 d5 3. e5 Bf5 4.
Nf3 e6 5. Be2 Ne7 6. O-O Bg6 7.
Nbd2 c5 8. dxc5 Nec6 9. Nb3 Nd7 10. c4 dxc4 11. Bxc4 Nxc5 12. Be3 Nd7 13. Nbd4 Nxd4 14. Nxd4 Be7 15. Bxe6 O-O 16. Bb3 Nc5 17. Bc4 Rc8 18.
Rc1 a6 19. b4 Nd7 20. f4 Nb6 21. Bb3 Rxc1 22. Bxc1 Bxb4 23. f5 Bh5 24. g4 Bc5 25. Be3 Nd5 26. Bxd5 Qxd5 27. gxh5 Qxe5 28. Bf2 Rd8 29.
Re1 Qf4 30. Qe2 h6 31. Qe4 Qg5+ 32. Kf1 Qxh5 33. Nf3 Bf8 34. Kg2 Rc8 35. Re2 Rd8 36. Bg3 b5 37. h3 b4 38. Qg4 Qxg4 39. hxg4 a5 40. Re5 a4 41. Ra5 a3 42. Be5 Rc8 43. Nd4 f6 44. Bf4 Rc4 45. Ne6 Be7 46. Ra8+ Kf7 47.
Ra7 Ke8 48. Kf3 Rc3+ 49. Ke4 Rc2 50. Nxg7+ Kf7 51. Ne6 Re2+ 52. Kd3 Rxa2 53. Kc4 Rc2+ 54. Kb3 Rc3+ 55. Ka2 Rd3 56. Ra6 b3+ 57. Kb1 Rd1+ 58. Bc1 b2 59. Rc6 bxc1=Q+ 60. Rxc1 a2+ 61. Ka1 Rxc1+ 62.
Kxa2 Rg1 0-1

[Event "*** SCC Grand Prix: Titled Tuesday Blitz"]
[Site "Chess.com"]
[Date "2020.06.23"]
[Round "4"]
[White "Artem_Koval"]
[Black "saikrishnaReturns"]
[Result "0-1"]
[WhiteElo "2422"]
[BlackElo "2634"]
[TimeControl "180+1"]
[EndTime "10:40:37 PDT"]
[Termination "saikrishnaReturns won by resignation"]

1. e4 e5 2. d4 Nc6 3. dxe5 Nxe5 4. f4 Nc6 5. Nf3 Bc5 6. Bd3 Nf6 7. Nc3 O-O 8. Qe2 d5 9. e5 Ng4 10. Rf1 Nxh2 11.
Nxh2 Qh4+ 12. g3 Qxg3+ 13. Kd1 Bh3 14. Rh1 Nd4 15. Nf1 Nxe2 16. Nxg3 Nxc3+ 17. bxc3 Bg4+ 18. Be2 Bd7 19. Bd3 Bg4+ 20. Ne2 g6 21. a4 Rae8 22. Ba3 Bxa3 23. Rxa3 f6 24. exf6 Rxf6 25. Rf1 g5 26. f5 h5 27. c4 d4 28. c5 Re5 29. Kd2 Bxe2 30. Bxe2 g4 31. Rd3 Rfxf5 32. Rxf5 Rxf5 33. Rxd4 g3 34. Bxh5 Rxh5 35. Rg4+ Kf7 36. Rxg3 Rxc5 37. Rg4 Ke6 38. c3 b6 39. Kc2 Kd6 40. Kb3 Rd5 41.
Rg6+ Kc5 42. Rg7 Kc6 43. Rg6+ Kb7 44. Rg7 Rc5 45. Rg6 Ka6 46. Rg4 Ka5 47. Rg7 Ka6 48. Rg4 Kb7 49. Rg7 Rd5 50. Rg4 a6 51. Rf4 Kc6 52.
Rg4 Rf5 53. Rg7 Rf1 54. Rg6+ Kb7 55. Rg4 Rb1+ 56. Ka3 c5 57. Rg6 c4 58. Rf6 Rb3+ 59. Ka2 Rxc3 60. Rg6 b5 61. axb5 axb5 62. Kb2 Rb3+ 63.
Ka2 Rf3 64. Rf6 Rxf6 0-1

[Event "*** SCC Grand Prix: Titled Tuesday Blitz"]
[Site "Chess.com"]
[Date "2020.06.23"]
[Round "4"]
[White "Infernal_XaM"]
[Black "mishanick"]
[Result "1/2-1/2"]
[WhiteElo "2813"]
[BlackElo "2999"]
[TimeControl "180+1"]
[EndTime "10:40:38 PDT"]
[Termination "Game drawn by agreement"]

1. Nf3 d5 2. g3 Nf6 3. Bg2 g6 4. b3 Bg7 5. Bb2 O-O 6. O-O Nbd7 7. c4 c6 8. d3 Re8 9. Nc3 a6 10. d4 b5 11. Nd2 Bb7 12. Rc1 Rc8 13. e4 dxc4 14.
bxc4 e5 15. d5 Nc5 16. Nb3 Bf8 17. Nxc5 Bxc5 18. Qb3 cxd5 19. cxd5 Qb6 20. h3 Nd7 21. Ne2 Bd6 22. Kh2 Nc5 23. Qe3 Na4 24. Qxb6 Nxb6 25.
h4 Nc4 26. Ba1 f5 27. exf5 gxf5 28. Bh3 Nd2 29. Rfd1 Nf3+ 30. Kg2 Rxc1 31. Nxc1 Nd4 32. Bxd4 exd4 33. Bxf5 Bxd5+ 34. Kh3 Bf3 35. Rg1 Re5 36. Bd3 a5 37. Nb3 Bd5 38. Nxd4 Bxa2 39. Ra1 Bc5 40. Rxa2 Bxd4 41. f4 Re3 42. Bxb5 Bc3 43. Kg4 Be1 44. Rg2 Kg7 45. h5 Kf6 46. Kh4 h6 47. Kg4 Rb3 48. Ba4 Ra3 49. Be8 Re3 50. Bb5 Rc3 51. Ba4 Ra3 52. Bc6 a4 53. Rg1 Bf2 54. Rg2 Be1 55. Bf3 Re3 56. Re2 Rxe2 57. Bxe2 a3 58. Bc4 Bf2 59.
Ba2 Be1 60. Kf3 Bd2 61. g4 Bc1 62. Ke4 Bd2 63. g5+ hxg5 64. fxg5+ 1/2-1/2

[Event "*** SCC Grand Prix: Titled Tuesday Blitz"]
[Site "Chess.com"]
[Date "2020.06.23"]
[Round "4"]
[White "mjray79"]
[Black "SiddharthGMJagadeesh"]
[Result "0-1"]
[WhiteElo "2249"]
[BlackElo "2441"]
[TimeControl "180+1"]
[EndTime "10:40:38 PDT"]
[Termination "SiddharthGMJagadeesh won by checkmate"]

1. d4 Nf6 2. c4 g6 3. Nc3 d5 4. cxd5 Nxd5 5. e4 Nxc3 6. bxc3 Bg7 7. Bc4 c5 8. Be3 Nc6 9. Ne2 O-O 10. O-O Bg4 11.
f3 Bd7 12. Qd2 Qc7 13. Rac1 Rad8 14. Rfd1 Bc8 15. Qb2 b6 16. e5 Na5 17. Bd3 Be6 18. f4 Bc4 19. Ng3 Bxd3 20. Rxd3 Nc4 21. Qe2 Nxe3 22. Qxe3 e6 23. Ne4 Rc8 24. Nd6 cxd4 25.
Qxd4 Rfd8 26. Qb4 Qc5+ 27. Rd4 Qxb4 28. Rxb4 Rc7 29. Ra4 Bf8 30. Nb5 Bc5+ 31. Kf1 Rcd7 32. Rxa7 Rxa7 33. Nxa7 Ra8 34. Nb5 Rxa2 35. Nd4 Rd2 36. Ne2 Kg7 37. g4 Rd3 38. Kg2 h5 39. h3 h4 40. c4 Re3 41. Rc2 g5 42. fxg5 Rxe5 43. Nf4 Rxg5 44. Nd3 Bd4 45. Kf3 Ra5 46. Ke4 Bf6 47. Rc1 Ra2 48. Rb1 Bd8 49. Nf4 Rc2 50. Kd3 Rf2 51. Ke3 Rh2 52. Rb5 Bc7 53.
Rg5+ Kf8 54. Rh5 Bxf4+ 55. Kxf4 Rxh3 56. Rh8+ Ke7 57. Rb8 Rc3 58. Rxb6 Rxc4+ 59. Kg5 f6+ 60. Kxh4 f5 61. Kh5 Rxg4 62. Rb7+ Kd6 63. Rb6+ Ke5 64. Rb5+ Kf6 65. Rb8 Rg7 66. Rf8+ Rf7 67. Rg8 Rh7# 0-1

[Event "*** SCC Grand Prix: Titled Tuesday Blitz"]
[Site "Chess.com"]
[Date "2020.06.23"]
[Round "4"]
[White "MasterKroket"]
[Black "AGW2016"]
[Result "0-1"]
[WhiteElo "2405"]
[BlackElo "2245"]
[TimeControl "180+1"]
[EndTime "10:40:38 PDT"]
[Termination "AGW2016 won by resignation"]

1. d4 Nf6 2. c4 g6 3. Nc3 Bg7 4.
e4 d6 5. Nf3 O-O 6. Be2 e5 7. d5 a5 8. O-O Na6 9. Bg5 h6 10. Bh4 Qe8 11. Nd2 Nh7 12. b3 h5 13.
f3 Bh6 14. a3 Bd7 15. Rb1 Be3+ 16. Kh1 Bc5 17. Qc1 Kg7 18. Na2 f5 19. Bd3 f4 20. b4 axb4 21. axb4 Be3 22. Nc3 g5 23. Bf2 Bxf2 24. Rxf2 g4 25. Bf1 Qe7 26. Re2 Qh4 27. Nb5 Ng5 28. Kg1 Rg8 29. g3 fxg3 30. hxg3 Qxg3+ 31. Rg2 Nxf3+ 32. Nxf3 Qxf3 33. Qg5+ Kf7 34. Qxh5+ Ke7 35. Qh7+ Qf7 36. Qh4+ Qf6 37. Qxf6+ Kxf6 38. Be2 Kg5 39. Rb3 Raf8 40. c5 dxc5 41. bxc5 Nxc5 42.
Re3 Bxb5 43. Bxb5 Rf4 44. Bd3 Nxd3 45. Rxd3 Rxe4 46. Rc3 Rg7 47. Rb2 b6 48. Rbc2 Rd4 49.
Rxc7 Rxc7 50. Rxc7 Rxd5 51. Rc6 b5 52. Kf2 Kf4 53. Rf6+ Ke4 54. Rg6 Kf5 55. Rg8 e4 56. Ke3 Rd3+ 57. Ke2 Rb3 58. Rf8+ Kg5 59. Rg8+ Kf4 60.
Rf8+ Kg3 61. Re8 e3 62. Rg8 b4 63. Rg7 Kh3 64. Rh7+ Kg2 65. Rg7 g3 66. Rg8 Rc3 67. Rg7 b3 68. Rg8 Kh2 69. Rh8+ Kg1 70. Rg8 g2 71.
Kf3 e2+ 72. Kxe2 b2 73. Rb8 Rc7 74. Rxb2 Re7+ 75. Kf3 Rf7+ 76. Kg3 Rg7+ 77. Kh3 Rh7+ 78. Kg3 Rg7+ 79. Kh3 Kf1 80. Rb1+ Kf2 81. Rb2+ Kf3 82. Rc2 g1=Q 83. Rf2+ Kxf2 0-1

[Event "*** SCC Grand Prix: Titled Tuesday Blitz"]
[Site "Chess.com"]
[Date "2020.06.23"]
[Round "4"]
[White "KyrgyzFighter"]
[Black "kingmonkey2006"]
[Result "0-1"]
[WhiteElo "2281"]
[BlackElo "2581"]
[TimeControl "180+1"]
[EndTime "10:40:40 PDT"]
[Termination "kingmonkey2006 won by resignation"]

1. c4 Nf6 2. Nc3 d5 3. cxd5 Nxd5 4.
d4 e6 5. e4 Nxc3 6. bxc3 Be7 7. Nf3 O-O 8. Be2 c5 9. O-O b6 10. d5 exd5 11. exd5 Bb7 12. c4 Bf6 13. Rb1 Nd7 14. Bf4 Re8 15. a4 Ba6 16. Qc2 Ne5 17. Nxe5 Bxe5 18. Bxe5 Rxe5 19. f4 Re7 20. Bd3 h6 21. f5 Re5 22. f6 gxf6 23. Rf3 Qe7 24. Qf2 Re8 25. Rxf6 Re1+ 26. Rxe1 Qxe1+ 27. Qxe1 Rxe1+ 28. Kf2 Rd1 29. Be2 Rd4 30. a5 Bxc4 31. Bxc4 Rxc4 32.
axb6 axb6 33. Rxb6 Rd4 34. d6 Kf8 35. Rc6 Rd5 36.
Rc8+ Kg7 37. d7 Rxd7 38. Rxc5 Rd2+ 39. Kf3 Ra2 40. h4 Ra3+ 41. Kg4 Ra2 42. g3 Ra3 43.
Rf5 Kg6 44. h5+ Kg7 45. Rf3 Ra4+ 46. Rf4 Ra2 47. Re4 Kf6 48. Rf4+ Ke6 49. Rf3 f6 50.
Re3+ Kf7 51. Kf5 Ra5+ 52. Kg4 Rg5+ 53. Kh4 f5 54. Rf3 Rg4+ 55. Kh3 Kf6 56. Rf4 Rxf4 57. gxf4 Ke6 58. Kg3 Kd5 59. Kf3 Kd4 60. Kf2 Ke4 61. Kg3 Ke3 62. Kh4 Kxf4 63. Kh3 Kg5 64. Kg3 Kxh5 65.
Kf4 Kg6 66. Kf3 Kg5 67. Kg3 f4+ 68. Kf3 h5 69. Kf2 h4 70. Kg2 Kg4 71. Kf2 f3 72.
Kg1 h3 73. Kf1 Kg3 74. Kg1 f2+ 75. Kf1 h2 0-1